 Seeded DCSS version 0.24.0 (webtiles) character file.

Game seed: 12904354232074817611, levelgen mode: deterministic

6901 Auros the Bludgeoner (level 10, -14/80 HPs)
             Began as a Minotaur Fighter on Apr 5, 2020.
             Was a High Priest of Okawaru.
             Demolished by Snorg (21 damage)
             ... on level 11 of the Dungeon.
             The game lasted 00:24:18 (11102 turns).

Auros the Bludgeoner (Minotaur Fighter)            Turns: 11102, Time: 00:24:21

Health: -14/80     AC: 21    Str: 22    XL:     10   Next: 79%
Magic:  11/11      EV:  8    Int:  5    God:    Okawaru [*****.]
Gold:   518        SH:  7    Dex: 12    Spells: 12/12 levels left

rFire    + + .     SeeInvis +   T - +4 mace (protect)
rCold    + + .     Gourm    .   m - +2 buckler
rNeg     . . .     Faith    .   X - +4 chain mail {rC+}
rPois    +         Spirit   .   (helmet restricted)
rElec    +         Reflect  .   (no cloak)
rCorr    +         Harm     .   (no gloves)
MR       +....                  A - +0 pair of boots
Stlth    ..........             l - amulet of the acrobat
HPRegen  0.23/turn              P - ring of see invisible
MPRegen  0.12/turn              J - ring of flight

@: resistant, protection aura, studying Spellcasting
A: retaliatory headbutt, horns 2, fire resistance 1, magic resistance 1,
MP-powered wands
a: Heroism, Finesse, Renounce Religion, Evoke Flight


You were on level 11 of the Dungeon.
You worshipped Okawaru.
Okawaru was extremely pleased with you.
You were not hungry.

You visited 2 branches of the dungeon, and saw 12 of its levels.

You collected 518 gold pieces.

Inventory:

Hand Weapons
 a - a +0 flail
 j - a +4 mace of crushing
 G - a +0 short sword
 T - a +4 mace of protection (weapon)
Missiles
 e - 78 sling bullets
 q - 8 javelins
 r - 62 bolts
 u - 111 arrows
 C - 15 boomerangs
 L - 8 silver boomerangs
 N - 4 silver javelins (quivered)
 V - 2 poisoned darts
 Z - 431 stones
Armour
 b - a +0 scale mail
 m - a +2 buckler (worn)
 o - a +0 shield
 A - a +0 pair of boots (worn)
 H - a +3 leather armour
 X - a +4 chain mail of cold resistance (worn)
Jewellery
 l - an amulet of the acrobat (around neck)
 D - an uncursed amulet of guardian spirit
 J - a ring of flight (right hand)
 M - an uncursed ring of fire
 P - a ring of see invisible (left hand)
Wands
 f - a wand of paralysis (7)
 v - a wand of scattershot (1)
 w - a wand of clouds (5)
 W - a wand of digging (4)
Scrolls
 c - 6 scrolls of remove curse
 i - 6 scrolls of identify
 k - 3 scrolls of blinking
 n - a scroll of random uselessness {unknown}
 t - 3 scrolls of teleportation {unknown}
 x - 3 scrolls of immolation {unknown}
 F - 3 scrolls of amnesia {unknown}
 I - 3 scrolls of magic mapping {unknown}
 Q - 2 scrolls of fear {unknown}
 R - a scroll of vulnerability {unknown}
Potions
 d - a potion of might
 g - 3 potions of curing
 h - a potion of mutation
 p - 7 potions of heal wounds
 s - a potion of ambrosia
 B - a potion of magic
 E - a potion of resistance
 K - a potion of degeneration
 O - 4 potions of agility
 S - 3 potions of flight
Books
 y - a manual of Spellcasting
Comestibles
 z - 14 rations


   Skills:
 + Level 4.7 Fighting
 - Level 17.3 Maces & Flails
 + Level 4.8 Armour
 + Level 2.0 Dodging
 + Level 4.8 Shields
 + Level 1.7 Spellcasting


You had 12 spell levels left.
You didn't know any spells.
Your spell library was empty.

Dungeon Overview and Level Annotations

Branches:
Dungeon (11/15)            Temple (1/1) D:6             Orc (0/2) D:9
   Lair: D:8-11

Altars:
Ashenzari
Cheibriados
Dithmenos
Elyvilon
Fedhas
Gozag
Hepliaklqana
Kikubaaqudgha
Makhleb
Nemelex Xobeh
Okawaru
Qazlal
Ru
Sif Muna
Trog
Uskayaw
Vehumet
Wu Jian
Xom
Yredelemnul
Zin
The Shining One

Shops:
D:10 !

Annotations:
D:11 Snorg


Innate Abilities, Weirdness & Mutations

You reflexively headbutt those who attack you in melee.
You have a pair of horns on your head.
Your flesh is heat resistant. (rF+)
You are resistant to hostile enchantments. (MR+)
You expend magic power (3 MP) to strengthen your wands.


Message History

* * * LOW HITPOINT WARNING * * *
Snorg claws you but does no damage. You block Snorg's attack.
You closely miss Snorg.
Snorg is moderately wounded.
Snorg bites you!
* * * LOW HITPOINT WARNING * * *
You block Snorg's attack. Snorg claws you but does no damage.
You barely miss Snorg.
Snorg is moderately wounded.
You block Snorg's attack. Snorg claws you!
* * * LOW HITPOINT WARNING * * *
Snorg claws you!
* * * LOW HITPOINT WARNING * * *
It was a potion of resistance.
You feel protected. Snorg bites you but does no damage.
Snorg claws you but does no damage. Snorg claws you!
* * * LOW HITPOINT WARNING * * *
Snorg bites you!!
You die...

#..###........#
#.............#
#........######
#........#
#.##.....#
#.##.....#
#.##.....#
#.##.....#
#.##..@..# #.
#..T..#
#........#
#...........
#............#
#............#
#............#
#.....(......#
#...#######..#


You could see Snorg (berserk).

Vanquished Creatures
  A two-headed ogre (D:10)
  Pikel (D:6)
  A manticore (D:11)
  Joseph (D:7)
  2 trolls
  A hippogriff (D:7)
  The ghost of Loaka the Shield-Bearer, an amateur GrFi (D:3)
  A wyvern (D:9)
  A wraith (D:10)
  A hungry ghost (D:7)
  3 wargs (D:9)
  A black bear (D:6)
  A hornet zombie (D:9)
  An ogre (D:6)
  2 phantoms (D:9)
  2 slaves (D:6)
  3 orc warriors
  A necrophage (D:10)
  4 centaurs
  An ice beast (D:8)
  3 big kobolds
  A bullfrog (D:9)
  A wyvern skeleton (D:9)
  5 scorpions
  4 killer bees
  3 wights (D:8)
  3 howler monkeys
  2 crimson imps
  A jelly (D:10)
  9 orc priests
  A centaur zombie (D:5)
  5 hounds
  3 bullfrog skeletons
  8 orc wizards
  2 centaur skeletons
  5 iguanas
  4 worker ants
  A hound zombie (D:9)
  A hound skeleton (D:10)
  A worker ant zombie (D:10)
  8 gnolls
  11 adders
  An ooze (D:3)
  An adder zombie (D:5)
  3 worms
  A dart slug (D:4)
  7 leopard geckos
  33 orcs
  3 ball pythons
  8 giant cockroaches
  6 goblins
  10 hobgoblins
  14 jackals
  6 quokkas
  9 bats
  6 frilled lizards
  A jackal skeleton (D:8)
  21 kobolds
  2 quokka skeletons
  15 rats
  A rat zombie (D:6)
260 creatures vanquished.

Vanquished Creatures (others)
  A slave (D:7)
  A bullfrog zombie (D:6)
  A centaur zombie (D:7)
  A hound skeleton (D:7)
4 creatures vanquished.

Grand Total: 264 creatures vanquished

Notes
Turn   | Place    | Note
-------+----------+-------------------------------------------
     0 | D:1      | Auros the Minotaur Fighter began the quest for the Orb.
     0 | D:1      | Reached XP level 1. HP: 19/19 MP: 0/0
   220 | D:1      | Reached XP level 2. HP: 17/27 MP: 1/1
   590 | D:1      | Reached skill level 3 in Maces & Flails
   668 | D:1      | Reached XP level 3. HP: 33/33 MP: 2/2
  1206 | D:2      | Reached skill level 4 in Maces & Flails
  1408 | D:2      | Reached XP level 4. HP: 38/40 MP: 3/3
  1746 | D:2      | Reached skill level 5 in Maces & Flails
  1821 | D:2      | You fall into a shaft and drop 2 floors!
  1826 | D:4      | Reached XP level 5. HP: 41/46 MP: 4/4
  1908 | D:3      | Reached skill level 6 in Maces & Flails
  2650 | D:3      | Found a runed translucent gate.
  2651 | D:3      | Found a runed translucent gate.
  2652 | D:3      | Found a runed translucent gate.
  2655 | D:3      | Noticed Loaka's ghost (amateur GrFi)
  2695 | D:3      | Reached XP level 6. HP: 52/52 MP: 5/5
  2711 | D:3      | Reached skill level 7 in Maces & Flails
  2722 | D:3      | Killed Loaka's ghost
  2722 | D:3      | Reached skill level 8 in Maces & Flails
  3306 | D:4      | Found an iron altar of Okawaru.
  3315 | D:4      | Reached XP level 7. HP: 59/59 MP: 6/6
  3323 | D:4      | Became a worshipper of Warmaster Okawaru
  3485 | D:4      | Reached skill level 9 in Maces & Flails
  3827 | D:4      | Found a snail-covered altar of Cheibriados.
  3889 | D:5      | Entered Level 5 of the Dungeon
  4216 | D:5      | Reached skill level 10 in Maces & Flails
  4221 | D:5      | Reached * piety under Okawaru
  4453 | D:5      | Found a glowing silver altar of Zin.
  4453 | D:5      | Found a radiant altar of Vehumet.
  5149 | D:6      | Found a stormy altar of Qazlal.
  5186 | D:6      | Reached XP level 8. HP: 66/66 MP: 7/7
  5190 | D:6      | Reached skill level 11 in Maces & Flails
  5342 | D:6      | Found an ancient bone altar of Kikubaaqudgha.
  5389 | D:6      | Found a staircase to the Ecumenical Temple.
  6011 | Temple   | Entered the Ecumenical Temple
  6133 | D:7      | Noticed Pikel
  6203 | D:6      | Killed Pikel
  6203 | D:6      | Reached ** piety under Okawaru
  6203 | D:6      | Reached skill level 12 in Maces & Flails
  6560 | D:7      | Reached skill level 13 in Maces & Flails
  6679 | D:7      | Reached XP level 9. HP: 69/71 MP: 8/8
  6867 | D:7      | Found a stormy altar of Qazlal.
  6870 | D:7      | Found a blossoming altar of Fedhas.
  6905 | D:7      | Reached *** piety under Okawaru
  7052 | D:7      | Noticed Joseph
  7060 | D:7      | Killed Joseph
  7060 | D:7      | Reached skill level 14 in Maces & Flails
  7177 | D:7      | Found a white marble altar of Elyvilon.
  7323 | D:8      | Noticed a troll
  7338 | D:7      | Killed a troll
  7946 | D:8      | Reached skill level 15 in Maces & Flails
  8515 | D:8      | Received a gift from Okawaru
  9087 | D:9      | Reached **** piety under Okawaru
  9112 | D:9      | Found a shadowy altar of Dithmenos.
  9123 | D:9      | Reached XP level 10. HP: 75/78 MP: 9/9
  9136 | D:9      | Reached skill level 16 in Maces & Flails
  9759 | D:9      | Found a staircase to the Orcish Mines.
  9811 | D:9      | Gained mutation: You are resistant to hostile enchantments.
                  | (MR+) [potion of mutation]
  9811 | D:9      | Gained mutation: Your flesh is heat resistant. (rF+)
                  | [potion of mutation]
  9811 | D:9      | Gained mutation: You expend magic power (3 MP) to
                  | strengthen your wands. [potion of mutation]
  9845 | D:9      | Received a gift from Okawaru
 10032 | D:10     | Entered Level 10 of the Dungeon
 10185 | D:10     | Noticed a two-headed ogre
 10195 | D:10     | Killed a two-headed ogre
 10195 | D:10     | Reached skill level 17 in Maces & Flails
 10585 | D:10     | Reached skill level 1 in Dodging
 10628 | D:10     | Found Jaumir's Distillery.
 10768 | D:10     | Reached skill level 1 in Spellcasting
 10817 | D:10     | Reached ***** piety under Okawaru
 10917 | D:11     | Noticed a manticore
 10935 | D:11     | Killed a manticore
 11091 | D:11     | Noticed Snorg
 11102 | D:11     | Demolished by Snorg

Levels and vault maps discovered:
D:1:      tarquinn_simple_flora_water_f, layout_basic
D:2:      layout_loops_corners
D:3:      layout_basic, gammafunk_ghost_necromancy, nrook_campfire,
          chequers_serial_rivers_large_a, patterned_corridor
D:4:      layout_rooms, okawaru_trees_2, lemuel_round_altar, first_ration,
          minmay_manual_mail
D:5:      kennysheep_big_flooded_room, layout_cave_pods,
          chequers_temple_overflow_statue_of_worship
D:6:      layout_loops_ring, lemuel_zombie_altar_kikubaaqudgha,
          minmay_temple_entry_stoned_glass, minmay_door_square,
          corexii_item_surrounded_by_moat, grunt_qazlal_clouds
D:7:      layout_basic, grunt_temple_overflow_forces_of_nature,
          lemuel_round_altar, uniq_joseph, uniq_pikel
D:8:      layout_cave_pools, kennysheep_small_spiral
D:9:      layout_loops_ring, nicolae_dithmenos_shadow_blocks, david_orc_1_choice
D:10:     layout_irregular_city, serial_shops, shop
D:11:     layout_stronghold, david_lair_shrubbed, basic_altar, uniq_snorg
Temple:   dshaligram_water_room_temple
